 Dungeon Crawl Stone Soup version 0.23.2-1-ga50397a (webtiles) character file.

Game seed: 2405105774389765524

55 xveg the Vandal (level 4, -7/29 HPs)
             Began as a Halfling Hunter on May 9, 2019.
             Mangled by a gnoll
             ... wielding a +0 flail
              (13 damage)
             ... on level 2 of the Dungeon.
             The game lasted 00:00:30 (592 turns).

xveg the Vandal (Halfling Hunter)                    Turns: 592, Time: 00:00:31

Health: -7/29      AC:  3    Str: 14    XL:     4   Next: 14%
Magic:  4/4        EV: 14    Int:  9    God:
Gold:   14         SH:  0    Dex: 14    Spells: 3/3 levels left

rFire    . . .     SeeInvis .   a - +1 hunting sling
rCold    . . .     Gourm    .   (shield restricted)
rNeg     . . .     Faith    .   c - +0 leather armour
rPois    .         Spirit   .   (no helmet)
rElec    .         Reflect  .   (no cloak)
rCorr    .         Harm     .   (no gloves)
MR       .....                  (no boots)
Stlth    ++........             (no amulet)
HPRegen  0.09/turn              (no ring)
MPRegen  0.09/turn              (no ring)

@: no status effects
A: small, mutation resistance 1
a: no special abilities


You were on level 2 of the Dungeon.
You were not hungry.

You visited 1 branch of the dungeon, and saw 2 of its levels.

You collected 14 gold pieces.

Inventory:

Hand Weapons
 a - a +1 hunting sling (weapon)
 b - a +0 short sword
Missiles
 e - 44 stones (quivered)
Armour
 c - a +0 leather armour (worn)
Jewellery
 j - an uncursed ring of magical power {unknown}
 k - an uncursed ring of see invisible {unknown}
 n - an uncursed ring of fire {unknown}
Scrolls
 g - a scroll of random uselessness {unknown}
 i - 2 scrolls of teleportation {unknown}
 l - a scroll of blinking {unknown}
 m - a scroll of enchant weapon {unknown}
 q - a scroll of identify {unknown}
Potions
 h - a potion of lignification {unknown}
 o - 2 potions of curing {unknown}
 p - a potion of flight {unknown}
Comestibles
 f - 3 rations


   Skills:
 + Level 2.2 Fighting
 + Level 7.3 Slings
 + Level 2.3 Dodging
 + Level 1.6 Stealth


You had 3 spell levels left.
You didn't know any spells.
Your spell library was empty.

Dungeon Overview and Level Annotations

Branches:
Dungeon (2/15)

Altars:
Sif Muna


Innate Abilities, Weirdness & Mutations

You are small and have problems with some larger weapons.
You are somewhat resistant to further mutation.


Message History

Press: ? - help, Shift-Dir - straight line, f/p - gnoll
Aim: a gnoll, wielding a +0 flail (heavily wounded)
You shoot a stone. The stone closely misses the gnoll.
The stone hits the gnoll.
You kill the gnoll!
You have reached level 4!
The gnoll hits you with a +0 flail!
* * * LOW HITPOINT WARNING * * *
You are too injured to fight recklessly!
You are too injured to fight recklessly!
You are too injured to fight recklessly!
You are too injured to fight recklessly!
You are too injured to fight recklessly!
You are too injured to fight recklessly!
Firing (i - inventory)
e - 45 stones (quivered)
Press: ? - help, Shift-Dir - straight line, f/p - gnoll
Aim: a gnoll, wielding a +0 flail (heavily wounded)
You shoot a stone. The stone barely misses the gnoll.
The gnoll hits you with a +0 flail!
You die...

#≈≈...≈≈# #.###
#≈≈._.≈≈######### #.#
#≈≈...≈≈#.......# #.#
#≈≈≈.≈≈≈#.......# #.#
##≈≈.≈≈##.†.....# #.#
###'###........# #.#
#.####.###........###.#
#.................'...###
##......@.........####...
#......g......#### #.##
#.....().###### #.#
###.#..(.. #.# #.#..##.#
#.# ..((.. .. #.# ##.#.##
... #.. #.#) ..## ###


You could see a gnoll.

Vanquished Creatures
  An adder (D:2)
  2 gnolls (D:2)
  A worm (D:2)
  2 leopard geckos (D:1)
  3 goblins (D:1)
  2 hobgoblins (D:1)
  2 jackals (D:1)
  2 kobolds (D:1)
  A bat (D:1)
  8 rats
24 creatures vanquished.

Notes
Turn   | Place    | Note
-------+----------+-------------------------------------------
     0 | D:1      | xveg the Halfling Hunter began the quest for the Orb.
     0 | D:1      | Reached XP level 1. HP: 14/14 MP: 1/1
    21 | D:1      | Reached skill level 6 in Slings
    56 | D:1      | Reached XP level 2. HP: 19/19 MP: 2/2
   378 | D:1      | Reached XP level 3. HP: 19/24 MP: 3/3
   501 | D:2      | Reached skill level 7 in Slings
   567 | D:2      | Found a deep blue altar of Sif Muna.
   591 | D:2      | Reached XP level 4. HP: 18/29 MP: 4/4
   592 | D:2      | Mangled by a gnoll

Skill      XL: |  1  2  3 |
---------------+----------+-----
Slings         | 6 7 |  7.3
Fighting       | 2 |  2.2
Dodging        | |  2.3
Stealth        | |  1.6

Action                   |  1- 3 |  4- 6 || total
-------------------------+-------+-------++-------
 Fire: Hunting sling     |    72 |     1 ||    73
Armor: Leather armour    |     1 |       ||     1
Dodge: Dodged            |    12 |       ||    12
